 Dungeon Crawl Stone Soup version 0.31-a0-1338-gb567cfdca4 (webtiles) character file.

Game seed: 15418776622155543974

79 jlumianski the Ruffian (level 4, -9/32 (34) HPs)
             Began as a Gnoll Shapeshifter on Dec 22, 2023.
             Mangled by Crazy Yiuf
             ... wielding a +4 quarterstaff of chaos
              (14 damage)
             ... on level 2 of the Dungeon.
             The game lasted 00:07:42 (2134 turns).

jlumianski the Ruffian (Gnoll Shapeshifter)         Turns: 2134, Time: 00:07:43

HP:   -9/32 (34)    AC:  8    Str: 16    XL:     4   Next: 37%
MP:   5/5           EV:  8    Int:  9    God:
Gold: 127           SH:  0    Dex: 11    Spells: 5/5 levels left

rFire   . .          .
                       - Unarmed
rCold   . . .        o - orb {*Rage}
rNeg    . . .        r - +0 chain mail
rPois   .            (helmet currently unavailable)
rElec   .            (cloak currently unavailable)
rCorr   .            (gloves currently unavailable)
SInv    .            (boots currently unavailable)
Will    .....        (no amulet) Stlth
                     (no ring)
HPRegen 0.25/turn    (no ring)
MPRegen 0.09/turn

%: random rage (20%)
@: brilliant, beast-form, drained
A: beast (slay +3), fangs 1, strong nose, distributed training
a: Begin Untransformation


You were on level 2 of the Dungeon.
You were a hulking beast.
You visited 1 branch of the dungeon, and saw 2 of its levels.

You collected 127 gold pieces.

Inventory:

Armour
 a - a +0 animal skin
 f - a +0 leather armour
 o - an orb of wrath (worn)
 p - a +0 helmet
 r - a +0 chain mail (worn)
Magical Staves
 q - a staff of conjuration
Talismans
 c - a beast talisman
 d - a flux talisman
 n - a blade talisman
Scrolls
 g - a scroll of brand weapon {unknown}
 j - a scroll of fog {unknown}
 k - 2 scrolls of noise {unknown}
 l - a scroll of poison
 m - a scroll of immolation {unknown}
Potions
 b - a potion of lignification
 e - a potion of ambrosia {unknown}
 h - a potion of berserk rage {unknown}


   Skills:
 + Level 2.8 Fighting
 + Level 1.2 Short Blades
 + Level 1.2 Long Blades
 + Level 1.2 Axes
 + Level 1.2 Maces & Flails
 + Level 1.2 Polearms
 + Level 1.2 Staves
 + Level 1.2 Ranged Weapons
 + Level 1.2 Throwing
 + Level 1.2 Armour
 + Level 4.6 Dodging
 + Level 1.2 Stealth
 + Level 1.2 Shields
 + Level 6.6 Unarmed Combat
 + Level 1.2 Spellcasting
 + Level 1.0 Conjurations
 + Level 1.0 Hexes
 + Level 1.0 Summonings
 + Level 1.0 Necromancy
 + Level 1.0 Translocations
 + Level 1.0 Fire Magic
 + Level 1.0 Ice Magic
 + Level 1.0 Air Magic
 + Level 1.0 Earth Magic
 + Level 1.0 Alchemy
 + Level 1.3 Invocations
 + Level 1.2 Evocations
 + Level 6.5 Shapeshifting


You had 5 spell levels left.
You didn't know any spells.
Your spell library was empty.

Dungeon Overview and Level Annotations

Branches:
Dungeon (2/15)

Altars:
Elyvilon

Annotations:
D:1 1 runed translucent door
D:2 Crazy Yiuf


Innate Abilities, Weirdness & Mutations

You are a hulking beast.
Your limbs bulge with bestial killing power. (Slay +3)
You have very sharp teeth.
Your uncanny sense of smell can sniff out nearby items.
Your experience applies equally to all skills.


Message History

What level of the Dungeon? (default 1, ? - help)
There is a stone staircase leading down here.
You climb downwards.
Level annotation: 1 runed translucent door, Crazy Yiuf
There is a stone staircase leading up here.
Crazy Yiuf shouts!
Okay, then.
Unknown command.
Crazy Yiuf says, "Whiteboard!
Aardvark pizzabubble snail."
You start putting on your armour.
You continue putting on your orb of wrath. x4
Crazy Yiuf cries, "Flower unthinkable ladder!"
You finish putting on your orb of wrath.
You open the door. You hit Crazy Yiuf but do no damage.
Crazy Yiuf barely misses you.
You hit Crazy Yiuf. You bite Crazy Yiuf, but do no damage.
Crazy Yiuf is lightly wounded.
Crazy Yiuf hits you with a +4 quarterstaff of chaos.
Crazy Yiuf burns you.
You barely miss Crazy Yiuf.
Crazy Yiuf is lightly wounded.
Crazy Yiuf closely misses you.
You closely miss Crazy Yiuf.
Crazy Yiuf is lightly wounded.
Crazy Yiuf hits you with a +4 quarterstaff of chaos!
Crazy Yiuf burns you.
You punch Crazy Yiuf!
Crazy Yiuf is severely wounded.
Crazy Yiuf hits you but does no damage.
You hit Crazy Yiuf but do no damage. You bite Crazy Yiuf, but do no damage.
Crazy Yiuf is severely wounded.
Crazy Yiuf yells, "Iron!"
Crazy Yiuf hits you with a +4 quarterstaff of chaos!
* * * LOW HITPOINT WARNING * * *
You feel drained.
* * * LOW HITPOINT WARNING * * *
It was a potion of brilliance.
You feel clever all of a sudden.
Crazy Yiuf hits you with a +4 quarterstaff of chaos!
You die...

......#....###....####.#....#.##.
......####.# #....# #.#....#.##.
......# #.# ♣....♣ #.#....#.##.
......# #.# ♣...♣♣ #.#.......#.
......# #.# ♣♣.♣♣ #.####.###..
......####.# ♣.♣♣ #...........
...........# ♣♣.♣ #.####......
.......###.# ♣.♣♣ #.# #..._..
.......##### ♣♣h♣ #.# #...(..
.......#...# #g# #.# #...†..
...##..#.### ... #.# #.###.#
#..##..#.# #...# #.####.# #.#
#..##..#.# #..)# #...##.# #.#
#..##..#.# ##### #...##.# #†#
...#####.# #...##.###.# ##.#
#.#############...........
#.#####............#......†.....


You could see Crazy Yiuf.

Vanquished Creatures
  3 adders (D:2)
  2 worms (D:2)
  3 dart slugs
  3 bats
  4 endoplasms
  5 giant cockroaches
  3 goblins
  3 quokkas
  3 ball pythons (D:1)
  3 frilled lizards
  3 kobolds
  4 rats (D:1)
39 creatures vanquished.

Notes
Turn   | Place    | Note
-------+----------+-------------------------------------------
     0 | D:1      | jlumianski the Gnoll Shapeshifter began the quest for the
                  | Orb.
     0 | D:1      | Reached XP level 1. HP: 17/17 MP: 1/1
     0 | D:1      | Noticed a jelly
     1 | D:1      | Found a runed translucent door.
   198 | D:1      | Reached XP level 2. HP: 22/23 MP: 2/2
   534 | D:1      | Reached XP level 3. HP: 18/28 MP: 3/3
   748 | D:2      | Reached skill level 1 in Invocations
  1032 | D:2      | Reached skill level 1 in Short Blades
  1032 | D:2      | Reached skill level 1 in Long Blades
  1032 | D:2      | Reached skill level 1 in Axes
  1032 | D:2      | Reached skill level 1 in Maces & Flails
  1032 | D:2      | Reached skill level 1 in Polearms
  1032 | D:2      | Reached skill level 1 in Staves
  1032 | D:2      | Reached skill level 1 in Ranged Weapons
  1032 | D:2      | Reached skill level 1 in Throwing
  1032 | D:2      | Reached skill level 1 in Armour
  1032 | D:2      | Reached skill level 1 in Stealth
  1032 | D:2      | Reached skill level 1 in Shields
  1032 | D:2      | Reached skill level 1 in Spellcasting
  1032 | D:2      | Reached skill level 1 in Evocations
  1049 | D:2      | Reached XP level 4. HP: 21/34 MP: 5/5
  1375 | D:2      | Found a runed translucent door.
  1376 | D:2      | Noticed Crazy Yiuf
  1435 | D:2      | Found a white marble altar of Elyvilon.
  1903 | D:1      | Reached skill level 1 in Conjurations
  1903 | D:1      | Reached skill level 1 in Hexes
  1903 | D:1      | Reached skill level 1 in Summonings
  1903 | D:1      | Reached skill level 1 in Necromancy
  1903 | D:1      | Reached skill level 1 in Translocations
  1903 | D:1      | Reached skill level 1 in Fire Magic
  1903 | D:1      | Reached skill level 1 in Ice Magic
  1903 | D:1      | Reached skill level 1 in Air Magic
  1903 | D:1      | Reached skill level 1 in Earth Magic
  1903 | D:1      | Reached skill level 1 in Alchemy
  2134 | D:2      | Mangled by Crazy Yiuf

Illustrated notes

Levels and vault maps discovered:
D:1:      dpeg_arrival_caged_fury, layout_basic
D:2:      layout_basic, basic_altar, kennysheep_decorative_pillar,
          uniq_crazy_yiuf_cottage

Skill      XL: |  1  2  3  4 |
---------------+-------------+-----
Invocations    | 1 |  1.3
Short Blades   | 1 |  1.2
Long Blades    | 1 |  1.2
Axes           | 1 |  1.2
Maces & Flails | 1 |  1.2
Polearms       | 1 |  1.2
Staves         | 1 |  1.2
Ranged Weapons | 1 |  1.2
Throwing       | 1 |  1.2
Armour         | 1 |  1.2
Stealth        | 1 |  1.2
Shields        | 1 |  1.2
Spellcasting   | 1 |  1.2
Evocations     | 1 |  1.2
Conjurations   | 1 |  1.0
Hexes          | 1 |  1.0
Summonings     | 1 |  1.0
Necromancy     | 1 |  1.0
Translocations | 1 |  1.0
Fire Magic     | 1 |  1.0
Ice Magic      | 1 |  1.0
Air Magic      | 1 |  1.0
Earth Magic    | 1 |  1.0
Alchemy        | 1 |  1.0
Fighting       | |  2.8
Dodging        | |  4.6
Unarmed Combat | |  6.6
Shapeshifting  | |  6.5

Action                     |  1- 3 |  4- 6 || total
---------------------------+-------+-------++-------
  Melee: Unarmed           |    58 |    30 ||    88
         Bite              |     7 |     4 ||    11
         Punch             |     1 |     1 ||     2
    Use: Scroll            |     1 |       ||     1
         Potion            |       |     1 ||     1
   Stab: Sleeping          |       |     1 ||     1
 Armour: Animal skin       |     3 |       ||     3
         Leather armour    |    23 |    10 ||    33
         Chain mail        |       |     5 ||     5
  Dodge: Dodged            |    37 |    14 ||    51

Table legend: (Time is in decaauts)
 A = Elapsed time spent in this place.
 B = Non-inter-level travel time spent in this place.
 C = Inter-level travel time spent in this place.
 D = Time resting spent in this place.
 E = Time spent auto-exploring this place.
 F = Levels seen in this place.
 G = Mean time per level.
                   A        B        C        D        E       F      G
               +--------+--------+--------+--------+--------+-----+--------+
         Total |   2127 |   2080 |     47 |    247 |   1168 |   2 | 1063.5 |
       Dungeon |   2127 |   2080 |     47 |    247 |   1168 |   2 | 1063.5 |
               +--------+--------+--------+--------+--------+-----+--------+

Top non-repeatable levels by time:
     D:2: 1226 daAuts
     D:1: 901 daAuts
